Map: Acid Plant LE

Players

ShoWTimE - Winner!

  • Race: Protoss Protoss
  • Spawn Location: 11:00

Reempi

  • Race: Protoss Protoss
  • Spawn Location: 5:00

Event: WCS Leipzig 2018

VOD

Have the link to the VOD?

Description

Time

  • Played on: Jan. 26, 2018, 6:38 a.m.
  • Length: 7:04

All games in this series

Show
View Real Time Build Order
Export as new Build Order

ShoWTimE Protoss - Winner!

Build Orders: Oracle Opening 

Get SALT Encoding   

  12  0:00  Probe  
  13  0:12  Probe  
  14  0:17  Pylon  
  14  0:25  Probe (Chrono Boost)  
  15  0:37  Probe (Chrono Boost)  
  15  0:38  Gateway  
  16  0:45  Probe (Chrono Boost)  
  16  0:46  Assimilator  
  17  0:51  Probe (Chrono Boost)  
  17  0:54  Assimilator  
  18  1:03  Probe (Chrono Boost)  
  19  1:07  Gateway  
  20  1:11  Probe (Chrono Boost)  
  20  1:17  Probe  
  20  1:25  Cybernetics Core  
  21  1:29  Probe  
  22  1:34  Pylon  
  22  1:41  Probe  
  23  1:54  Probe  
  24  2:01  Stalker x2  
  24  2:02  Warp Gate  
  28  2:11  Pylon  
  28  2:24  Stargate  
  28  2:31  Stalker  
  30  2:40  Stalker  
  32  3:03  Stalker  
  32  3:04  Shield Battery  
  34  3:20  Nexus, Oracle (Chrono Boost)  
  37  3:30  Pylon  
  37  3:35  Shield Battery  
  37  3:43  Probe  
  37  3:46  Oracle (Chrono Boost)  
  37  3:55  Probe  
  41  4:07  Probe  
  41  4:08  Pylon  
  42  4:16  Stalker  
  44  4:19  Probe  
  45  4:31  Probe (Chrono Boost)  
  45  4:32  Probe (Chrono Boost)  
  45  4:37  Stalker  
  49  4:40  Stalker  
  49  4:42  Probe x2 (Chrono Boost)  
  53  4:46  Probe (Chrono Boost)  
  53  4:47  Probe (Chrono Boost)  
  55  4:57  Probe  
  56  5:01  Probe, Robotics Facility  
  57  5:10  Probe  
  57  5:13  Probe  
  59  5:15  Stalker x2  
  63  5:22  Probe  
  63  5:23  Pylon  
  63  5:25  Probe  
  65  5:34  Probe  
  64  5:37  Probe  
  64  5:41  Stalker x2  
  69  5:46  Probe  
  69  5:48  Gateway  
  69  5:49  Probe  
  71  5:52  Observer  
  70  5:58  Probe  
  70  5:59  Twilight Council  
  70  6:01  Probe, Gateway  
  72  6:10  Probe  
  67  6:13  Probe  
  67  6:17  Stalker x2  
  69  6:19  Assimilator  
  69  6:23  Assimilator  
  66  6:27  Pylon  
  66  6:28  Warp Prism, Forge  
  66  6:46  Stalker x3  
  70  7:01  Nexus  
  68  7:02  Gateway  
Show
View Real Time Build Order
Export as new Build Order

Reempi Protoss 

Build Orders:  

Get SALT Encoding   

  12  0:00  Probe  
  13  0:13  Probe  
  14  0:18  Pylon  
  14  0:25  Probe  
  15  0:37  Probe (Chrono Boost)  
  15  0:40  Gateway  
  16  0:46  Assimilator  
  17  0:50  Probe (Chrono Boost)  
  17  0:55  Probe (Chrono Boost)  
  18  0:58  Assimilator  
  18  1:05  Probe  
  19  1:17  Probe (Chrono Boost)  
  20  1:20  Gateway  
  20  1:29  Probe (Chrono Boost)  
  20  1:31  Cybernetics Core  
  21  1:35  Probe (Chrono Boost)  
  22  1:41  Pylon  
  22  2:07  Stalker x2, Warp Gate (Chrono Boost)  
  26  2:22  Probe  
  27  2:23  Pylon  
  27  2:38  Stalker x2  
  31  2:51  Robotics Facility  
  31  3:03  Robotics Facility  
  31  3:05  Pylon  
  30  3:10  Shield Battery  
  28  3:30  Stalker x2  
  30  3:37  Pylon  
  30  3:39  Shield Battery  
  30  3:51  Immortal (Chrono Boost)  
  34  4:00  Twilight Council  
  34  4:21  Observer (Chrono Boost)  
  31  4:42  Probe  
  31  4:45  Immortal  
  34  4:54  Probe  
  35  5:07  Probe  
  36  5:11  Stalker  
  36  5:12  Stalker  
  33  5:45  Pylon  
  33  5:49  Stalker x2  
  33  6:06  Immortal (Chrono Boost)  
  29  6:19  Stalker x2  
  15  6:48  Stalker x2  
Tags
 
Add a new tag
Caveats
  • Supply blocks, unpowered buildings, or Contaminate may cause inaccurate times.
  • Supply counts are checked every 10 seconds.